%YAML 1.1
%TAG !u! tag:unity3d.com,2011:
--- !u!64 &8481234465189860251
MeshCollider:
  m_ObjectHideFlags: 0
  m_CorrespondingSourceObject: {fileID: 0}
  m_PrefabInstance: {fileID: 0}
  m_PrefabAsset: {fileID: 0}
  m_GameObject: {fileID: 281926760077909550}
  m_Material: {fileID: 0}
  m_IsTrigger: 0
  m_Enabled: 1
  serializedVersion: 4
  m_Convex: 0
  m_CookingOptions: 30
  m_Mesh: {fileID: -8341537475312701301, guid: f9937aab705f0334ea0e5de7b87f1c5c, type: 3}
--- !u!1 &9204138923845399737
GameObject:
  m_ObjectHideFlags: 0
  m_CorrespondingSourceObject: {fileID: 0}
  m_PrefabInstance: {fileID: 0}
  m_PrefabAsset: {fileID: 0}
  serializedVersion: 6
  m_Component:
  - component: {fileID: 2198473111904891261}
  - component: {fileID: 6949295631332611985}
  m_Layer: 0
  m_Name: Tree
  m_TagString: Untagged
  m_Icon: {fileID: 0}
  m_NavMeshLayer: 0
  m_StaticEditorFlags: 8
  m_IsActive: 1
--- !u!4 &2198473111904891261
Transform:
  m_ObjectHideFlags: 0
  m_CorrespondingSourceObject: {fileID: 0}
  m_PrefabInstance: {fileID: 0}
  m_PrefabAsset: {fileID: 0}
  m_GameObject: {fileID: 9204138923845399737}
  m_LocalRotation: {x: 0, y: 0, z: 0, w: 1}
  m_LocalPosition: {x: -2.91, y: 6.27, z: 5.54}
  m_LocalScale: {x: 1, y: 1, z: 1}
  m_Children:
  - {fileID: 3862165361586499781}
  - {fileID: 622141378501969044}
  m_Father: {fileID: 0}
  m_RootOrder: 0
  m_LocalEulerAnglesHint: {x: 0, y: 0, z: 0}
--- !u!136 &6949295631332611985
CapsuleCollider:
  m_ObjectHideFlags: 0
  m_CorrespondingSourceObject: {fileID: 0}
  m_PrefabInstance: {fileID: 0}
  m_PrefabAsset: {fileID: 0}
  m_GameObject: {fileID: 9204138923845399737}
  m_Material: {fileID: 0}
  m_IsTrigger: 0
  m_Enabled: 1
  m_Radius: 0.2
  m_Height: 3
  m_Direction: 1
  m_Center: {x: 6.3, y: -4, z: 0.5}
--- !u!1001 &1092390318178034559
PrefabInstance:
  m_ObjectHideFlags: 0
  serializedVersion: 2
  m_Modification:
    m_TransformParent: {fileID: 2198473111904891261}
    m_Modifications:
    - target: {fileID: -8679921383154817045, guid: f9937aab705f0334ea0e5de7b87f1c5c, type: 3}
      propertyPath: m_LocalPosition.x
      value: 6.47
      objectReference: {fileID: 0}
    - target: {fileID: -8679921383154817045, guid: f9937aab705f0334ea0e5de7b87f1c5c, type: 3}
      propertyPath: m_LocalPosition.y
      value: 1.03
      objectReference: {fileID: 0}
    - target: {fileID: -8679921383154817045, guid: f9937aab705f0334ea0e5de7b87f1c5c, type: 3}
      propertyPath: m_LocalPosition.z
      value: 1
      objectReference: {fileID: 0}
    - target: {fileID: -8679921383154817045, guid: f9937aab705f0334ea0e5de7b87f1c5c, type: 3}
      propertyPath: m_LocalRotation.x
      value: -0.00000005338508
      objectReference: {fileID: 0}
    - target: {fileID: -8679921383154817045, guid: f9937aab705f0334ea0e5de7b87f1c5c, type: 3}
      propertyPath: m_LocalRotation.y
      value: 0.7071068
      objectReference: {fileID: 0}
    - target: {fileID: -8679921383154817045, guid: f9937aab705f0334ea0e5de7b87f1c5c, type: 3}
      propertyPath: m_LocalRotation.z
      value: -0.7071067
      objectReference: {fileID: 0}
    - target: {fileID: -8679921383154817045, guid: f9937aab705f0334ea0e5de7b87f1c5c, type: 3}
      propertyPath: m_LocalRotation.w
      value: 0.000000053385072
      objectReference: {fileID: 0}
    - target: {fileID: -8679921383154817045, guid: f9937aab705f0334ea0e5de7b87f1c5c, type: 3}
      propertyPath: m_RootOrder
      value: 1
      objectReference: {fileID: 0}
    - target: {fileID: -8679921383154817045, guid: f9937aab705f0334ea0e5de7b87f1c5c, type: 3}
      propertyPath: m_LocalEulerAnglesHint.x
      value: 0
      objectReference: {fileID: 0}
    - target: {fileID: -8679921383154817045, guid: f9937aab705f0334ea0e5de7b87f1c5c, type: 3}
      propertyPath: m_LocalEulerAnglesHint.y
      value: 0
      objectReference: {fileID: 0}
    - target: {fileID: -8679921383154817045, guid: f9937aab705f0334ea0e5de7b87f1c5c, type: 3}
      propertyPath: m_LocalEulerAnglesHint.z
      value: 0
      objectReference: {fileID: 0}
    - target: {fileID: -8679921383154817045, guid: f9937aab705f0334ea0e5de7b87f1c5c, type: 3}
      propertyPath: m_LocalScale.x
      value: 609.29
      objectReference: {fileID: 0}
    - target: {fileID: -8679921383154817045, guid: f9937aab705f0334ea0e5de7b87f1c5c, type: 3}
      propertyPath: m_LocalScale.y
      value: 609.29
      objectReference: {fileID: 0}
    - target: {fileID: -8679921383154817045, guid: f9937aab705f0334ea0e5de7b87f1c5c, type: 3}
      propertyPath: m_LocalScale.z
      value: 609.29
      objectReference: {fileID: 0}
    - target: {fileID: 919132149155446097, guid: f9937aab705f0334ea0e5de7b87f1c5c, type: 3}
      propertyPath: m_Name
      value: tree2_leaves
      objectReference: {fileID: 0}
    - target: {fileID: 919132149155446097, guid: f9937aab705f0334ea0e5de7b87f1c5c, type: 3}
      propertyPath: m_Layer
      value: 8
      objectReference: {fileID: 0}
    - target: {fileID: 919132149155446097, guid: f9937aab705f0334ea0e5de7b87f1c5c, type: 3}
      propertyPath: m_StaticEditorFlags
      value: 8
      objectReference: {fileID: 0}
    m_RemovedComponents: []
  m_SourcePrefab: {fileID: 100100000, guid: f9937aab705f0334ea0e5de7b87f1c5c, type: 3}
--- !u!1 &281926760077909550 stripped
GameObject:
  m_CorrespondingSourceObject: {fileID: 919132149155446097, guid: f9937aab705f0334ea0e5de7b87f1c5c, type: 3}
  m_PrefabInstance: {fileID: 1092390318178034559}
  m_PrefabAsset: {fileID: 0}
--- !u!4 &622141378501969044 stripped
Transform:
  m_CorrespondingSourceObject: {fileID: -8679921383154817045, guid: f9937aab705f0334ea0e5de7b87f1c5c, type: 3}
  m_PrefabInstance: {fileID: 1092390318178034559}
  m_PrefabAsset: {fileID: 0}
--- !u!1001 &3608389983734535982
PrefabInstance:
  m_ObjectHideFlags: 0
  serializedVersion: 2
  m_Modification:
    m_TransformParent: {fileID: 2198473111904891261}
    m_Modifications:
    - target: {fileID: -8679921383154817045, guid: 9acf53dc985559243bb455a9a02eea00, type: 3}
      propertyPath: m_LocalPosition.x
      value: 6.37
      objectReference: {fileID: 0}
    - target: {fileID: -8679921383154817045, guid: 9acf53dc985559243bb455a9a02eea00, type: 3}
      propertyPath: m_LocalPosition.y
      value: -6.32
      objectReference: {fileID: 0}
    - target: {fileID: -8679921383154817045, guid: 9acf53dc985559243bb455a9a02eea00, type: 3}
      propertyPath: m_LocalPosition.z
      value: 0.42
      objectReference: {fileID: 0}
    - target: {fileID: -8679921383154817045, guid: 9acf53dc985559243bb455a9a02eea00, type: 3}
      propertyPath: m_LocalRotation.x
      value: -0.7071068
      objectReference: {fileID: 0}
    - target: {fileID: -8679921383154817045, guid: 9acf53dc985559243bb455a9a02eea00, type: 3}
      propertyPath: m_LocalRotation.y
      value: 0
      objectReference: {fileID: 0}
    - target: {fileID: -8679921383154817045, guid: 9acf53dc985559243bb455a9a02eea00, type: 3}
      propertyPath: m_LocalRotation.z
      value: -0
      objectReference: {fileID: 0}
    - target: {fileID: -8679921383154817045, guid: 9acf53dc985559243bb455a9a02eea00, type: 3}
      propertyPath: m_LocalRotation.w
      value: 0.7071067
      objectReference: {fileID: 0}
    - target: {fileID: -8679921383154817045, guid: 9acf53dc985559243bb455a9a02eea00, type: 3}
      propertyPath: m_RootOrder
      value: 0
      objectReference: {fileID: 0}
    - target: {fileID: -8679921383154817045, guid: 9acf53dc985559243bb455a9a02eea00, type: 3}
      propertyPath: m_LocalEulerAnglesHint.x
      value: 0
      objectReference: {fileID: 0}
    - target: {fileID: -8679921383154817045, guid: 9acf53dc985559243bb455a9a02eea00, type: 3}
      propertyPath: m_LocalEulerAnglesHint.y
      value: 0
      objectReference: {fileID: 0}
    - target: {fileID: -8679921383154817045, guid: 9acf53dc985559243bb455a9a02eea00, type: 3}
      propertyPath: m_LocalEulerAnglesHint.z
      value: 0
      objectReference: {fileID: 0}
    - target: {fileID: -8679921383154817045, guid: 9acf53dc985559243bb455a9a02eea00, type: 3}
      propertyPath: m_LocalScale.y
      value: 47.172
      objectReference: {fileID: 0}
    - target: {fileID: -8679921383154817045, guid: 9acf53dc985559243bb455a9a02eea00, type: 3}
      propertyPath: m_LocalScale.x
      value: 47.172
      objectReference: {fileID: 0}
    - target: {fileID: -8679921383154817045, guid: 9acf53dc985559243bb455a9a02eea00, type: 3}
      propertyPath: m_LocalScale.z
      value: 47.172
      objectReference: {fileID: 0}
    - target: {fileID: 919132149155446097, guid: 9acf53dc985559243bb455a9a02eea00, type: 3}
      propertyPath: m_Name
      value: tree2_trunk
      objectReference: {fileID: 0}
    - target: {fileID: 919132149155446097, guid: 9acf53dc985559243bb455a9a02eea00, type: 3}
      propertyPath: m_StaticEditorFlags
      value: 8
      objectReference: {fileID: 0}
    m_RemovedComponents: []
  m_SourcePrefab: {fileID: 100100000, guid: 9acf53dc985559243bb455a9a02eea00, type: 3}
--- !u!4 &3862165361586499781 stripped
Transform:
  m_CorrespondingSourceObject: {fileID: -8679921383154817045, guid: 9acf53dc985559243bb455a9a02eea00, type: 3}
  m_PrefabInstance: {fileID: 3608389983734535982}
  m_PrefabAsset: {fileID: 0}
